 Dungeon Crawl Stone Soup version 0.31-a0-431-g88bdf31460 (webtiles) character file.

Game seed: 4552274641401345800

7516 Gelion the Mimic (level 11, -4/93 HPs)
             Began as an Octopode Shapeshifter on Aug 1, 2023.
             Was an Initiate of Gozag.
             Killed from afar by an acid dragon (30 damage)
             ... with a splash of acid
             ... on level 9 of the Dungeon.
             The game lasted 00:19:32 (9771 turns).

Gelion the Mimic (Octopode Shapeshifter)            Turns: 9771, Time: 00:19:33

Health: -4/93      AC: 10    Str: 20    XL:     11   Next: 16%
Magic:  20/20      EV: 10    Int: 11    God:    Gozag
Gold:   1122       SH:  0    Dex: 16    Spells: 10/10 levels left

rFire   + .          .
                       - Unarmed
rCold   . . .        (shield currently unavailable)
rNeg    . . .        (helmet currently unavailable)
rPois   +            (no amulet)
rElec   .            h - ring of protection from fire
rCorr   .            j - ring of poison resistance
SInv    .            u - ring of magical power
Will    .....        (no ring)
Stlth   +            (no ring)
HPRegen 0.35/turn    (no ring)
MPRegen 0.17/turn    (no ring)
                     (no ring)

%: no passive effects
@: snake-form
A: constrict, boosted hp, almost no armour, amphibious, 8 rings, large,
(camouflage 1), (gelatinous body 1), (nimble swimmer 1), (tentacles)
a: Begin Untransformation, Renounce Religion, Potion Petition, Call Merchant,
Bribe Branch


You were on level 9 of the Dungeon.
You worshipped Gozag.
Gozag was most pleased with you.
You were an enormous anaconda.
You visited 2 branches of the dungeon, and saw 11 of its levels.
You also visited: Sewer.

You collected 1222 gold pieces.
You paid 100 gold pieces to Gozag.

Inventory:

Armour
 e - a +0 kite shield
Jewellery
 h - a ring of protection from fire (left tentacle)
 j - a ring of poison resistance (right tentacle)
 u - a ring of magical power (on tentacle)
Talismans
 b - a beast talisman
 c - a serpent talisman (active)
Wands
 a - a wand of quicksilver (20)
 o - a wand of charming (6)
 s - a wand of flame (20)
Scrolls
 d - 6 scrolls of teleportation
 m - a scroll of revelation
 n - a scroll of enchant weapon
 v - 2 scrolls of poison
 w - a scroll of fog
 x - 2 scrolls of enchant armour
 y - a scroll of identify
Potions
 f - 3 potions of invisibility
 g - a potion of brilliance
 i - a potion of might
 k - a potion of attraction {unknown}
 l - a potion of ambrosia
 p - a potion of heal wounds {unknown}
 q - 2 potions of magic
 r - 2 potions of mutation {unknown}
 t - a potion of enlightenment


   Skills:
 + Level 8.5 Fighting
 - Level 2.0 Dodging
 + Level 9.1 Unarmed Combat
 * Level 10.6 Shapeshifting


You had 10 spell levels left.
You didn't know any spells.
Your spell library contained the following spells:

 Spells                   Type           Power      Damage    Failure   Level
 Summon Small Mammal      Summ           0%         N/A       34%         1
 Static Discharge         Conj/Air       0%         2-2/arc   47%         2
 Volatile Blastmotes      Fire/Tloc      0%         2d10      71%         3
 Airstrike                Air            0%         2d(0-16)  98%         4
 Anguish                  Hex/Necr       0%         N/A       98%         4
 Cause Fear               Hex            0%         N/A       98%         4
 Fulminant Prism          Conj/Hex       0%         3d5       98%         4
 Iskenderun's Mystic Bla  Conj/Tloc      0%         2d3       98%         4
 Summon Lightning Spire   Summ/Air       0%         N/A       98%         4
 Summon Forest            Summ/Tloc      0%         N/A       100%        5
 Eringya's Noxious Bog    Tmut/Pois      0%         4d6       100%        6
 Enfeeble                 Hex            0%         N/A       100%        7
 Summon Hydra             Summ           0%         N/A       100%        7


Dungeon Overview and Level Annotations

Branches:
Dungeon (10/15)            Temple (1/1) D:5            Lair (0/5) D:8
  Sewer (visited)
    Orc: D:9-12

Altars:
Ashenzari
Cheibriados
Dithmenos
Fedhas
Gozag
Hepliaklqana
Kikubaaqudgha
Makhleb
Nemelex Xobeh
Okawaru
Qazlal
Ru
Sif Muna
Trog
Uskayaw
Vehumet
Wu Jian
Yredelemnul

Shops:
D:1 !   D:2 :(   D:3 (   D:6 *


Innate Abilities, Weirdness & Mutations

You are an enormous anaconda.
You have a powerful constriction melee attack.
Your maximum health is increased.
Your armour is entirely melded.
You are incapable of wielding weapons or throwing items.
You cannot wear most types of armour.
You are amphibious.
You can wear up to eight rings at the same time.
((Your skin changes colour to match your surroundings (Stealth+).))
((Your rubbery body absorbs attacks. (AC +1, EV +1)))
((You are camouflaged when in or above water. (Stealth+)))
((You have tentacles for arms and can constrict up to eight enemies at once.))


Message History

The yak is distracted by your dazzling golden aura.
You catch the helpless yak completely off-guard!
You lash the yak!
The yak is no longer distracted by gold.
The yak is moderately wounded.
You constrict the yak. The yak gores you!
Unknown command.
You body-slam the yak!!
The yak is almost dead.
You constrict the yak.
You kill the yak!
You lash the yak! Your grab misses the yak.
The yak is moderately wounded.
You barely miss the yak. You grab the yak.
The yak is moderately wounded.
You constrict the yak. The yak gores you.
You body-slam the yak!!
The yak is almost dead.
You constrict the yak. The yak closely misses you.
You body-slam the yak!!
You kill the yak!
You closely miss the acid dragon. You grab the acid dragon.
You constrict the acid dragon. The acid dragon bites you!
The acid dragon claws you.
The orc warrior hits you with a +0 glaive!
You barely miss the orc warrior. You constrict the acid dragon.
The acid dragon barely misses you. The acid dragon closely misses you.
The orc warrior closely misses you.
You closely miss the orc warrior. You constrict the acid dragon.
You release your grip on the acid dragon.
The orc warrior attacks as you move away!
The orc warrior hits you with a +0 glaive.
The acid dragon attacks as you move away!
The acid dragon bites you!
* * * LOW HITPOINT WARNING * * *
The acid dragon claws you but does no damage.
The acid dragon spits acid at you. The splash of acid hits you!!
You die...
Your body crumbles into a pile of gold.

#..?#..$#...#..!
############..#...#...#...#
.............#...#..D#...#.
##.########................
#.# #....#...#$..#.. #.#
#...#...#...#... #.#
#..#!.o#DY.#...# #.#
#...#$..#...#...# #.#
#....#S..#...#... #.#
##............... #.#######
#....#.##..##.. #.......#
#)#..........#.#
#######$###.##.###....###.
#$$.[..)...$$..##
#####)##.###..#.# #$##.#
#$$#.. #.##.# #..#


You could see a yak, an orc warrior and an acid dragon (catching breath).

Vanquished Creatures
  Pikel (D:7)
  A deep elf pyromancer (D:9)
  Maggie (D:7)
  A komodo dragon (D:8)
  A troll (D:9)
  A hornet (D:7)
  Prince Ribbit (D:9)
  Sigmund (D:2)
  5 yaks (D:9)
  A wyvern (D:9)
  A steam dragon (D:8)
  Eustachio (D:6)
  Grum (D:9)
  Menkaure (D:7)
  A water moccasin (D:7)
  3 acid dragons
  2 ice beasts
  2 orc warriors (D:9)
  A sky beast (D:7)
  2 black bears (D:5)
  3 wolves (D:9)
  4 centaurs
  2 lemures (D:7)
  3 kobold brigands (D:9)
  A bullfrog (D:7)
  A gnoll sergeant (D:9)
  2 scorpions (D:6)
  4 wights (D:8)
  9 killer bees (D:9)
  An electric eel (D:9)
  3 howler monkeys
  2 jellies
  A gnoll bouda (D:9)
  4 orc priests
  8 hounds
  A sleepcap (D:6)
  Ijyb (D:3)
  18 orc wizards
  An iguana (D:5)
  4 gnolls (D:4)
  8 adders
  2 shadow imps
  2 white imps (D:7)
  2 ufetubi (D:7)
  A worm (D:2)
  4 dart slugs
  29 orcs
  12 ball pythons
  A bat zombie (D:5)
  7 endoplasms
  8 giant cockroaches
  2 goblins (D:1)
  6 hobgoblins
  8 jackals (D:2)
  13 kobolds
  2 quokkas
  2 bats
  4 frilled lizards
  2 rats
  A rat zombie (D:5)
218 creatures vanquished.

Vanquished Creatures (collateral kills)
  A ball python (Sewer)
  A frilled lizard (Sewer)
2 creatures vanquished.

Grand Total: 220 creatures vanquished

Notes
Turn   | Place    | Note
-------+----------+-------------------------------------------
     0 | D:1      | Gelion the Octopode Shapeshifter began the quest for the
                  | Orb.
     0 | D:1      | Reached XP level 1. HP: 13/13 MP: 1/1
    78 | D:1      | Found Jimausun's Distillery.
   205 | D:1      | Reached XP level 2. HP: 18/18 MP: 2/2
   667 | D:2      | Reached XP level 3. HP: 23/23 MP: 3/3
   796 | D:2      | Noticed Sigmund
   797 | D:2      | Reached XP level 4. HP: 18/29 MP: 4/4
   812 | D:2      | Killed Sigmund
   813 | D:2      | Reached skill level 4 in Shapeshifting
   813 | D:2      | Reached XP level 5. HP: 12/36 MP: 5/5
   947 | D:2      | Found Meikkag's Vocational Training.
   955 | D:2      | Reached XP level 6. HP: 41/41 MP: 6/6
  1049 | D:2      | Found Riampusi's Weapon Emporium.
  1502 | D:3      | Found a faded altar of an unknown god.
  1606 | D:3      | Found Aponilyf's Antique Weapon Shoppe.
  1700 | D:3      | Noticed Ijyb
  1709 | D:3      | Killed Ijyb
  1727 | D:3      | Found a burning altar of Makhleb.
  2106 | D:4      | Found a glowing drain.
  2134 | Sewer    | Entered a sewer
  2153 | Sewer    | Noticed Pargi
  2744 | D:4      | Identified the +1 broad axe "Ysommoid" {antimagic, rPois
                  | rF+ rCorr}
  2759 | D:4      | Reached skill level 5 in Shapeshifting
  3233 | D:5      | Entered Level 5 of the Dungeon
  3297 | D:5      | Found a shimmering blue altar of Sif Muna.
  3315 | D:5      | Reached XP level 7. HP: 20/46 MP: 7/7
  3424 | D:5      | Got Sif Muna's Compilation of the Comitatus
  3533 | D:5      | Found a staircase to the Ecumenical Temple.
  3559 | Temple   | Entered the Ecumenical Temple
  3702 | D:5      | Reached skill level 5 in Unarmed Combat
  3882 | D:5      | Found a snail-covered altar of Cheibriados.
  4215 | D:5      | Found a sacrificial altar of Ru.
  4264 | D:5      | Reached skill level 6 in Shapeshifting
  4264 | D:5      | Reached XP level 8. HP: 54/54 MP: 8/8
  4376 | D:5      | Found a sparkling altar of Nemelex Xobeh.
  4376 | D:5      | Found a stormy altar of Qazlal.
  4516 | D:5      | Found an ancient bone altar of Kikubaaqudgha.
  4714 | D:6      | Found a blossoming altar of Fedhas.
  4874 | D:6      | Found a radiant altar of Vehumet.
  4971 | D:6      | Found a bloodstained altar of Trog.
  5010 | D:6      | Found an opulent altar of Gozag.
  5014 | D:6      | Found Gozag's Platinum Reserve.
  5026 | D:6      | Became a worshipper of Gozag Ym Sagoz the Greedy
  5148 | D:6      | Noticed Eustachio
  5155 | D:6      | Killed Eustachio
  5156 | D:6      | Reached skill level 5 in Fighting
  5617 | D:7      | Reached skill level 7 in Shapeshifting
  5753 | D:7      | Noticed Maggie
  5765 | D:7      | Killed Maggie
  5766 | D:7      | Reached XP level 9. HP: 4/61 MP: 9/9
  6083 | D:7      | Noticed Menkaure
  6087 | D:7      | Killed Menkaure
  6126 | D:7      | Noticed Pikel
  6141 | D:7      | Killed Pikel
  6142 | D:7      | Reached skill level 8 in Shapeshifting
  6483 | D:7      | Noticed a hornet
  6490 | D:7      | Killed a hornet
  6921 | D:8      | Found a broken altar of Ashenzari.
  7353 | D:8      | Reached XP level 10. HP: 69/69 MP: 10/10
  7365 | D:8      | Reached skill level 9 in Shapeshifting
  7478 | D:8      | Found a shadowy altar of Dithmenos.
  7483 | D:8      | Noticed a +0 falchion
  7483 | D:8      | Noticed a +0 spear
  7483 | D:8      | Noticed a +0 short sword
  7483 | D:8      | Noticed a +0 dagger
  7484 | D:8      | Noticed a +0 falchion
  7484 | D:8      | Noticed a +0 spear
  7485 | D:8      | Noticed a +0 short sword
  7486 | D:8      | Noticed a +0 dagger
  7961 | D:8      | Found an iron altar of Okawaru.
  7982 | D:8      | Found a staircase to the Lair.
  8111 | D:8      | Found an ornate altar of the Wu Jian Council.
  8188 | D:8      | Found a hide-covered altar of Uskayaw.
  8566 | D:9      | Found a basalt altar of Yredelemnul.
  9095 | D:9      | Identified the +2 dagger of Infinite Pain {heavy, rC+}
  9119 | D:9      | Noticed Grum
  9316 | D:9      | Noticed a deep elf pyromancer
  9317 | D:9      | Killed Grum
  9318 | D:9      | Reached skill level 10 in Shapeshifting
  9329 | D:9      | Killed a deep elf pyromancer
  9445 | D:9      | Reached XP level 11. HP: 73/77 MP: 11/11
  9494 | D:10     | Entered Level 10 of the Dungeon
  9568 | D:9      | Identified the +0 robe of Moujug {*Corrode rPois rC+ Will+}
  9631 | D:9      | Noticed Prince Ribbit
  9654 | D:9      | Killed Prince Ribbit
  9771 | D:9      | Killed from afar by an acid dragon

Illustrated notes

Levels and vault maps discovered:
D:1:      minmay_arrival_widening_spiral_wide, layout_rooms, serial_shops,
          shop_statue, serial_bayou_pond_d, serial_bayou_crossing
D:2:      layout_rooms, serial_shops, shop_statue, nicolae_shop_vocational,
          uniq_sigmund
D:3:      layout_rooms, marbit_many_paths, serial_shops,
          nicolae_shop_tiny_statue_garden, ebering_ecumenical_altar_hall,
          uniq_ijyb
D:4:      layout_loops_corners, gup_sewer_entry_glass
D:5:      wander_river, layout_loops_ring, lemuel_zombie_altar_kikubaaqudgha,
          led_sif_book, hangedman_ru_absence, mainiacjoe_overflow_brackets,
          jmf_multi_god_temple, minmay_temple_entry_mini_moons
D:6:      layout_basic, nicolae_gozag_zags_fifth_avenue, fedhas_altar_3,
          lemuel_round_altar, vehumet_altar_wand_db, uniq_eustachio
D:7:      wad_crossroads, layout_cave_pools, uniq_menkaure, uniq_maggie,
          uniq_pikel
D:8:      layout_rooms, okawaru_trees_1, nicolae_uskayaw_en_pointe,
          lemuel_crystal_altar, mainiacjoe_overflow_catwalk,
          lemuel_doored_altar, david_lair_shrubbed
D:9:      cheibrodos_fzero, layout_loops_ring, amcnicky_altar_gilded,
          serial_shops, nicolae_shop_rolling_square, minmay_crystal_water,
          uniq_prince_ribbit1, uniq_grum
D:10:     layout_long_grid, good_gods_mini_temple, led_xom_imps
Temple:   ebering_the_one_and_only

Skill      XL: |  1  2  3  4  5  6  7  8  9 10 11 |
---------------+----------------------------------+-----
Fighting       | 2 3 4 5 6 8 |  8.5
Unarmed Combat | 4 5 6 7 8 9 |  9.1
Shapeshifting  | 4 5 6 7 8 10 | 10.6
Dodging        | |  2.0

Action                     |  1- 3 |  4- 6 |  7- 9 | 10-12 || total
---------------------------+-------+-------+-------+-------++-------
  Melee: Unarmed           |    68 |    95 |   185 |   194 ||   542
         Constrict         |    17 |    26 |    47 |    46 ||   136
         Tentacles         |    12 |    17 |    52 |    15 ||    96
         Punch             |     2 |     4 |     9 |     3 ||    18
  Evoke: Wand              |       |     1 |       |       ||     1
    Use: Scroll            |     5 |     9 |       |     3 ||    17
         Potion            |       |     4 |     2 |     2 ||     8
   Stab: Sleeping          |     6 |    10 |     5 |     1 ||    22
         Distracted        |       |       |       |     2 ||     2
 Armour: Skin              |     2 |     7 |     5 |    37 ||    51
  Dodge: Dodged            |    39 |    52 |    94 |    84 ||   269
   Form: Anaconda          |       |       |       |     1 ||     1

Table legend: (Time is in decaauts)
 A = Elapsed time spent in this place.
 B = Non-inter-level travel time spent in this place.
 C = Inter-level travel time spent in this place.
 D = Time resting spent in this place.
 E = Time spent auto-exploring this place.
 F = Levels seen in this place.
 G = Mean time per level.
                   A        B        C        D        E       F      G
               +--------+--------+--------+--------+--------+-----+--------+
         Total |   9714 |   9507 |    207 |   1322 |   6603 |  12 |  809.5 |
       Dungeon |   9374 |   9167 |    207 |   1273 |   6503 |  10 |  937.4 |
        Temple |     88 |     88 |      0 |      0 |     87 |   1 |   88.0 |
         Sewer |    250 |    250 |      0 |     49 |     13 |   1 |  250.0 |
               +--------+--------+--------+--------+--------+-----+--------+

Top non-repeatable levels by time:
     D:7: 1988 daAuts
     D:5: 1372 daAuts
     D:9: 1351 daAuts
     D:4: 973 daAuts
     D:6: 891 daAuts
     D:8: 748 daAuts
     D:3: 698 daAuts
     D:1: 662 daAuts
     D:2: 633 daAuts
   Sewer: 250 daAuts
  Temple: 88 daAuts
    D:10: 54 daAuts
